 Dungeon Crawl Stone Soup version 0.29-a0-824-gd827844 (webtiles) character file.

Game seed: 1412531549294491205

504 Illumine the Caller (level 6, -13/24 HPs)
             Began as a Felid Summoner on July 7, 2022.
             Was an Initiate of Gozag.
             Killed by divine providence
             ... invoked by an orc priest
              (15 damage)
             ... on level 5 of the Dungeon on July 8, 2022.
             The game lasted 00:11:22 (5630 turns).

Illumine the Caller (Felid Summoner)                Turns: 5630, Time: 00:11:22

Health: -13/24     AC:  2    Str:  4    XL:     6   Next: 96%
Magic:  6/13       EV: 33    Int: 25    God:    Gozag
Gold:   506        SH:  0    Dex: 22    Spells: 1/14 levels left
                                        Lives:  0   Deaths: 1

rFire   . . .      SeeInvis +   (weapon unavailable)
rCold   . . .      Faith    .   (shield unavailable)
rNeg    . . .      Spirit   .   (body armour unavailable)
rPois   .          Reflect  .   (helmet unavailable)
rElec   .          Harm     .   (cloak unavailable)
rCorr   .          Rampage  .   (gloves unavailable)
Will    .....                   (boots unavailable)
Stlth   +++.......              o - amulet of the acrobat
HPRegen 0.08/turn               j - +6 ring of dexterity
MPRegen 0.13/turn               w - +6 ring of intelligence

@: acrobatic, quick
A: very small, claws 1, fangs 3, see invisible, speed 1, shaggy fur 2, stealthy
paws, no weapons or thrown items, no armour, multi-lived
a: Renounce Religion, Potion Petition, Call Merchant, Bribe Branch


You were on level 5 of the Dungeon.
You worshipped Gozag.
Gozag was pleased with you.
You visited 1 branch of the dungeon, and saw 5 of its levels.

You collected 548 gold pieces.
You paid 42 gold pieces to Gozag.

Inventory:

Jewellery
 j - a +6 ring of dexterity (left paw)
 o - an amulet of the acrobat (around neck)
 r - a +4 ring of protection
 w - a +6 ring of intelligence (right paw)
Wands
 s - a wand of flame (8)
 y - a wand of quicksilver (2)
Scrolls
 c - a scroll of fog {unknown}
 e - 2 scrolls of amnesia {unknown}
 f - 4 scrolls of identify {unknown}
 h - 2 scrolls of immolation {unknown}
 i - 3 scrolls of teleportation {unknown}
 k - 3 scrolls of poison {unknown}
 m - a scroll of enchant armour {unknown}
 q - 2 scrolls of blinking {unknown}
 t - a scroll of vulnerability {unknown}
 v - 2 scrolls of enchant weapon {unknown}
Potions
 a - a potion of magic
 b - 2 potions of cancellation {unknown}
 d - 2 potions of heal wounds {unknown}
 g - 3 potions of curing {unknown}
 l - a potion of invisibility {unknown}
 n - 2 potions of haste {unknown}
 p - a potion of lignification {unknown}
 u - a potion of degeneration {unknown}
 x - a potion of attraction {unknown}


   Skills:
 - Level 2.6 Dodging
 - Level 2.6 Stealth
 + Level 4.5 Spellcasting
 - Level 4.0 Hexes
 + Level 6.0 Summonings
 + Level 1.2 Air Magic
 - Level 2.0 Evocations


You had one spell level left.
You knew the following spells:

 Your Spells              Type           Power      Damage    Failure   Level
a - Summon Small Mammal   Summ           100%       N/A       1%          1
b - Call Imp              Summ           36%        N/A       1%          2
c - Call Canine Familiar  Summ           36%        N/A       2%          3
d - Summon Guardian Gole  Hex/Summ       30%        N/A       3%          3
e - Summon Lightning Spi  Summ/Air       24%        N/A       19%         4

Your spell library contained the following spells:

 Spells                   Type           Power      Damage    Failure   Level
 Apportation              Tloc           10%        N/A       9%          1
 Ensorcelled Hibernation  Hex/Ice        30%        N/A       6%          2
 Spider Form              Tmut/Pois      5%         N/A       26%         3
 Anguish                  Hex/Necr       7%         N/A       36%         4
 Alistair's Intoxication  Tmut/Pois      3%         N/A       94%         5
 Conjure Ball Lightning   Conj/Air       4%         3x3d6     100%        6
 Discord                  Hex            12%        N/A       100%        8
 Disjunction              Tloc           2%         N/A       100%        8


Dungeon Overview and Level Annotations

Branches:
Dungeon (5/15)
 Temple: D:4-7

Altars:
Gozag

Shops:
D:1 *   D:4 *


Innate Abilities, Weirdness & Mutations

You have sharp claws.
You have razor-sharp teeth.
You have supernaturally acute eyesight. (SInv)
You cover ground quickly. (Speed+)
You are covered in thick fur. (AC +2)
Your paws help you pounce on unaware monsters.
You are incapable of wielding weapons or throwing items.
You cannot wear armour.
You gain extra lives every three experience levels.


Message History

The spell is quite dangerous to miscast (3% risk of failure)!
Continue anyway?
A guardian golem appears, shielding your allies.
What are your orders? t - Meow!
Orders for allies: a - Attack new target. r - Retreat! s - Stop attacking. g - Guard the area. f - Follow me.
Anything else - Cancel.
Gang up on whom?
Press: ? - help, Dir - move target, f - orc priest
Aim: an orc priest, wielding a +3 hand axe and wearing a +0 leather armour (moderately wounded, ally target) Attack!
The orc priest hits your hound with a +3 hand axe.
Your hound closely misses the orc priest.
Your hound closely misses the orc priest.
The orc priest hits your hound with a +3 hand axe.
Your hound barely misses the orc priest.
The orc priest calls down the wrath of Beogh upon you.
Beogh smites you!
Your hound closely misses the orc priest.
Your hound barely misses the orc priest.
The orc priest misses your hound.
Your hound bites the orc priest.
The orc priest hits your hound with a +3 hand axe.
Your hound closely misses the orc priest.
Your hound bites the orc priest but does no damage.
The orc priest hits your hound with a +3 hand axe!
Your hound bites the orc priest.
The orc priest invokes the aid of Beogh against you.
Beogh smites you!
Ouch! That really hurt!
* * * LOW HITPOINT WARNING * * *
Your hound closely misses the orc priest.
Your hound barely misses the orc priest.
Your hound bites the orc priest.
The orc priest mumbles some strange prayers to Beogh against you.
Beogh smites you!
Ouch! That really hurt!
You die...
Your body crumbles into a pile of gold.

.o# ##.............#######.
..## #..................#...
##
#o.......>.###.#..###.......##
... .....######
#..#..##.####.... ..#..#
##.##.#..# ####. o.. #..#...##
## #.###### ##.##..###
#ho§§..# ###.........
######o####@..##.......
######.#9...#########)...
#......o.#### ##..
.....####h.# . ... ##.# . #...
###.. #... ##.


You could see an orc priest (ally target), a friendly guardian golem (summoned)
and a friendly hound (summoned, sheltered).

Vanquished Creatures
  A dart slug (D:2)
  An endoplasm (D:1)
  A jackal (D:2)
  A quokka (D:1)
  2 bats (D:1)
  A frilled lizard (D:2)
  A goblin (D:1)
  2 rats
10 creatures vanquished.

Vanquished Creatures (collateral kills)
  2 scorpions (D:5)
  A hound (D:5)
  2 jellies (D:4)
  An iguana (D:4)
  An orc wizard (D:5)
  6 adders
  5 gnolls
  11 orcs
  8 endoplasms
  4 giant cockroaches
  7 goblins
  5 hobgoblins
  10 jackals
  7 ball pythons
  5 bats
  5 frilled lizards
  7 kobolds
  8 rats
95 creatures vanquished.

Vanquished Creatures (others)
  An ogre (D:5)
  An iguana (D:5)
  3 plants (D:3)
5 creatures vanquished.

Grand Total: 110 creatures vanquished

Notes
Turn   | Place    | Note
-------+----------+-------------------------------------------
     0 | D:1      | Illumine the Felid Summoner began the quest for the Orb.
     0 | D:1      | Reached XP level 1. HP: 7/7 MP: 4/4
   397 | D:1      | Reached XP level 2. HP: 11/11 MP: 1/6
   446 | D:1      | Learned a level 2 spell: Call Imp
   545 | D:1      | Upgraded the game from 0.29-a0-822-ga620ab9 to
                  | 0.29-a0-824-gd827844
   686 | D:1      | Found Gicu's General Store.
   948 | D:1      | Reached XP level 3. HP: 14/14 MP: 5/8
   952 | D:1      | Learned a level 3 spell: Call Canine Familiar
  2235 | D:2      | Reached XP level 4. HP: 18/18 MP: 1/9
  2546 | D:2      | Found a faded altar of an unknown god.
  2844 | D:3      | Found an opulent altar of Gozag.
  2850 | D:3      | Reached skill level 5 in Summonings
  2914 | D:3      | Became a worshipper of Gozag Ym Sagoz the Greedy
  3025 | D:3      | Learned a level 3 spell: Summon Guardian Golem
  3403 | D:3      | Reached skill level 1 in Hexes
  4173 | D:3      | Reached XP level 5. HP: 5/21 MP: 4/11
  4410 | D:4      | Mangled by a gnoll
  4411 | D:4      | Reached XP level 4. HP: -7/18 MP: 3/10
  4432 | D:4      | Reached skill level 1 in Evocations
  4527 | D:4      | Found Haing's Mayhem Merchandise.
  4618 | D:4      | Reached XP level 5. HP: 21/21 MP: 5/11
  5231 | D:5      | Entered Level 5 of the Dungeon
  5305 | D:5      | Noticed an ogre
  5329 | D:5      | Killed an ogre
  5330 | D:5      | Gained mutation: You are covered in thick fur. (AC +2)
                  | [Felid growth]
  5330 | D:5      | Reached XP level 6. HP: 24/24 MP: 10/13
  5355 | D:5      | Learned a level 4 spell: Summon Lightning Spire
  5596 | D:5      | Reached skill level 6 in Summonings
  5596 | D:5      | Reached skill level 1 in Air Magic
  5626 | D:5      | HP: 1/24 [orc priest/divine providence (12)]
  5630 | D:5      | Killed from afar by an orc priest

Illustrated notes

Levels and vault maps discovered:
D:1:      minmay_arrival_wavy_path, layout_basic, serial_shops,
          nicolae_shop_waterfront
D:2:      layout_loops_cross, shapermc_ecumenical_altar_mp_urbaneastern,
          cheibrodos_gnoll_hut
D:3:      layout_basic, nicolae_gozag_cash_rules_everything_around_me,
          serial_bayou, serial_bayou_ford_a, serial_bayou_crossing,
          serial_bayou_pond_c, serial_bayou_shore_a
D:4:      layout_rooms, minmay_shop_mayhem
D:5:      layout_rooms, uniq_edmund

Skill      XL: |  1  2  3  4  5  6 |
---------------+-------------------+-----
Spellcasting   | 3 4 |  4.5
Summonings     | 5 6 |  6.0
Hexes          | 2 3 4 |  4.0
Evocations     | 1 2 |  2.0
Air Magic      | 1 |  1.2
Dodging        | |  2.6
Stealth        | |  2.6

Action                   |  1- 3 |  4- 6 || total
-------------------------+-------+-------++-------
Melee: Unarmed           |    32 |     1 ||    33
       Bite              |     2 |       ||     2
 Cast: Summon Small Mamm |    51 |    14 ||    65
       Call Imp          |    20 |    24 ||    44
       Call Canine Famil |     1 |    20 ||    21
       Summon Guardian G |       |     8 ||     8
Armor: Skin              |    10 |     2 ||    12
Dodge: Dodged            |    52 |    28 ||    80

Table legend: (Time is in decaauts)
 A = Elapsed time spent in this place.
 B = Non-inter-level travel time spent in this place.
 C = Inter-level travel time spent in this place.
 D = Time resting spent in this place.
 E = Time spent auto-exploring this place.
 F = Levels seen in this place.
 G = Mean time per level.
                   A        B        C        D        E       F      G
               +--------+--------+--------+--------+--------+-----+--------+
         Total |   5112 |   4997 |    115 |    928 |   2960 |   5 | 1022.4 |
       Dungeon |   5112 |   4997 |    115 |    928 |   2960 |   5 | 1022.4 |
               +--------+--------+--------+--------+--------+-----+--------+

Top non-repeatable levels by time:
     D:3: 1586 daAuts
     D:1: 1448 daAuts
     D:2: 954 daAuts
     D:4: 757 daAuts
     D:5: 365 daAuts
